 Dungeon Crawl Stone Soup version 0.18-a0-1266-g3be6530 (webtiles) character file.

4355 RedPan the Slicer (level 10, -6/76 HPs)
             Began as a Vampire Enchanter on Feb 6, 2016.
             Mangled by Gastronok (38 damage)
             ... on level 8 of the Dungeon.
             The game lasted 00:31:36 (8726 turns).

RedPan the Slicer (Vampire Enchanter)               Turns: 8726, Time: 00:31:36

Health: -6/76      AC:  7    Str:  6 (7)  XL:     10   Next: 12%
Magic:  13/14      EV: 14    Int: 21 (24) God:
Gold:   692        SH:  0    Dex:  9 (12) Spells: 3 memorised, 9 levels left

rFire  . . .     SeeInvis +     a - +2 dagger
rCold  + + .     Gourm    .     b - +1 robe
rNeg   + + +     Faith    .     (no shield)
rPois  +         Spirit   .     (no helmet)
rElec  .         Dismiss  .     k - +2 cloak
rCorr  .         Reflect  .     s - +0 pair of gloves
SustAt .         Harm     .     (no boots)
MR     .....                    h - amulet of regeneration
Stlth  ++++......               (no ring)
                                (no ring)

@: vulnerable, very slightly contaminated, regenerating slowly, slowed, very
slow, not resistant to hostile enchantments, stealthy
A: fangs 3, see invisible, clever 1, clumsy 1, screaming 1, unbreathing
a: Bat Form


You were on level 8 of the Dungeon.
You were near bloodless.

You visited 2 branches of the dungeon, and saw 9 of its levels.
You also visited: Bailey.

You collected 692 gold pieces.

Inventory:

Hand Weapons
 a - a +2 dagger (weapon)
Armour
 b - a +1 robe (worn)
 k - a +2 cloak (worn)
 s - a +0 pair of gloves (worn)
Jewellery
 h - an amulet of regeneration (around neck)
 x - an uncursed ring of positive energy {unknown}
Wands
 o - a wand of disintegration (0/24)
Scrolls
 e - 2 scrolls of magic mapping
 f - a scroll of enchant weapon
 g - 6 scrolls of remove curse
 i - 4 scrolls of fear
 j - 5 scrolls of identify
 n - 2 scrolls of amnesia
 p - a scroll of teleportation
Potions
 d - 18 potions of blood
 q - a potion of flight
 r - 5 potions of curing
Books
 c - a book of Maledictions

   Spells                             Type                      Level
   a - Corona                         Hexes                        1
   b - Ensorcelled Hibernation        Hexes/Ice                    2
   c - Confuse                        Hexes                        3
   d - Tukima's Dance                 Hexes                        3
   e - Dazzling Spray                 Conjuration/Hexes            3
 l - a Necronomicon

   Spells                             Type                      Level
   a - Haunt                          Necromancy/Summoning         7
   b - Borgnjor's Revivification      Necromancy                   8
   c - Death's Door                   Charms/Necromancy            8
   d - Necromutation                  Transmutation/Necromancy     8
 m - a book of Geomancy

   Spells                             Type                      Level
   a - Sandblast                      Earth                        1
   b - Passwall                       Transmutation/Earth          2
   c - Stone Arrow                    Conjuration/Earth            3
   d - Petrify                        Transmutation/Earth          4
   e - Lee's Rapid Deconstruction     Earth                        5
 z - a book of the Warp

   Spells                             Type                      Level
   a - Recall                         Summoning/Translocation      3
   b - Gell's Gravitas                Hexes/Translocation          3
   c - Force Lance                    Conjuration/Translocation    4
   d - Phase Shift                    Translocation                5
   e - Warp Weapon                    Charms/Translocation         5
   f - Summon Forest                  Summoning/Translocation      5
 A - a book of Frost

   Spells                             Type                      Level
   a - Freeze                         Ice                          1
   b - Throw Frost                    Conjuration/Ice              2
   c - Ozocubu's Armour               Charms/Ice                   3
   d - Throw Icicle                   Conjuration/Ice              4
   e - Summon Ice Beast               Ice/Summoning                4
   f - Condensation Shield            Ice                          4


   Skills:
 - Level 6.0 Fighting
 - Level 10.0 Short Blades
 - Level 8.1 Dodging
 - Level 8.0 Stealth
 + Level 3.0 Spellcasting
 + Level 7.1 Hexes


You had 9 spell levels left.
You knew the following spells:

 Your Spells              Type           Power        Failure   Level  Hunger
a - Corona                Hex            ####...      1%          1    None
b - Ensorcelled Hibernat  Hex/Ice        ###...       6%          2    ##.....
c - Confuse               Hex            ####....     2%          3    ###....


Dungeon Overview and Level Annotations

Branches:
Dungeon (8/15)             Temple (1/1) D:7
   Lair: D:8-11

Altars:
Ashenzari
Cheibriados
Dithmenos
Fedhas
Gozag
Makhleb
Nemelex Xobeh
Okawaru
Pakellas
Qazlal
Ru
Sif Muna
Trog
Xom
Yredelemnul

Shops:
D:7 =

Annotations:
D:5 3 exclusions
D:8 Gastronok


Innate Abilities, Weirdness & Mutations

You heal slowly.
You have razor-sharp teeth.
You have supernaturally acute eyesight.
You can survive without breathing.
Your mind is acute. (Int +2)
You are clumsy. (Dex -2)
You occasionally shout uncontrollably at your foes.


Message History

* * * LOW HITPOINT WARNING * * *
The crimson imp closely misses you.
Gastronok looks at you and mumbles some strange words.
You feel as though you will be slow longer.
Drink which item? (? for menu, Esc to quit)
You feel much better. The bat hits you.
The crimson imp hits you but does no damage.
The crimson imp closely misses you.
You hit Gastronok.
Gastronok is almost dead.
Gastronok closely misses you.
You hit Gastronok.
Gastronok is almost dead.
The bat completely misses you. The crimson imp hits you.
You hit Gastronok.
Gastronok is almost dead.
The crimson imp hits you but does no damage.
Gastronok bites you!!!
Ouch! That really hurt!
You die...

###......#
..............#
..............#
..............#
..............#
..............#
..........%...# ..
.......b......# ...
......w@5.....# ....
..............###+##....
........................
........##+###..........
........# #..........
........# #..........
######### #..........
#.......# #..........
#.......# #..........


You could see Gastronok, a crimson imp and a bat.

Vanquished Creatures
  Pikel (D:7)
  An orc knight (Bailey)
  A two-headed ogre (D:8)
  A hippogriff (D:8)
  Edmund (D:6)
  Menkaure (D:6)
  An ice beast (D:7)
  4 sky beasts
  A slave (D:7)
  2 phantoms
  8 orc warriors
  A black bear (D:4)
  An ogre (D:7)
  2 centaurs
  A gnoll sergeant (D:6)
  2 jellies (D:5)
  2 orc priests (D:5)
  A centaur zombie (D:5)
  3 hounds
  A giant frog skeleton (D:6)
  7 orc wizards
  2 iguanas
  7 worker ants
  A killer bee zombie (D:7)
  A hound zombie (D:5)
  A hound skeleton (D:4)
  14 gnolls
  9 river rats (D:8)
  12 adders
  7 worms
  4 giant geckos
  22 orcs
  4 giant cockroaches
  7 hobgoblins
  7 jackals
  5 quokkas
  6 bats
  A giant gecko skeleton (D:4)
  7 giant newts
  9 goblins
  17 kobolds
  A quokka skeleton (D:5)
  22 rats
209 creatures vanquished.

Vanquished Creatures (others)
  A gnoll sergeant (D:7)
  A slave (D:7)
  A quasit (D:7)
  4 gnolls (D:7)
  An orc (D:7)
8 creatures vanquished.

Grand Total: 217 creatures vanquished

Notes
Turn   | Place    | Note
--------------------------------------------------------------
     0 | D:1      | RedPan the Vampire Enchanter began the quest for the Orb.
     0 | D:1      | Reached XP level 1. HP: 13/13 MP: 3/3
   277 | D:1      | Reached skill level 5 in Hexes
   282 | D:1      | Reached XP level 2. HP: 19/19 MP: 5/5
   670 | D:2      | Reached skill level 5 in Stealth
   706 | D:2      | Reached XP level 3. HP: 24/24 MP: 6/6
   910 | D:2      | Gained mutation: Your mind is acute. (Int +2) [potion of mutation]
   910 | D:2      | Gained mutation: You are clumsy. (Dex -2) [potion of mutation]
   910 | D:2      | Gained mutation: You occasionally shout uncontrollably at your foes. [potion of mutation]
   931 | D:2      | Learned a level 2 spell: Ensorcelled Hibernation
   935 | D:2      | Learned a level 3 spell: Confuse
  1059 | D:2      | Reached skill level 6 in Stealth
  1138 | D:2      | Reached XP level 4. HP: 30/30 MP: 7/7
  1625 | D:3      | Found an iron altar of Okawaru.
  1755 | D:3      | Found a deep blue altar of Sif Muna.
  1862 | D:3      | Reached skill level 7 in Stealth
  2071 | D:3      | Reached XP level 5. HP: 35/35 MP: 8/8
  2262 | D:3      | Reached skill level 8 in Stealth
  2621 | D:4      | Noticed a black bear
  2632 | D:4      | Killed a black bear
  2632 | D:4      | Reached XP level 6. HP: 32/41 MP: 2/9
  3146 | D:4      | Reached skill level 5 in Short Blades
  3411 | D:4      | Reached XP level 7. HP: 28/46 MP: 8/10
  3588 | D:5      | Entered Level 5 of the Dungeon
  3845 | D:5      | Found a snail-covered altar of Cheibriados.
  3937 | D:5      | Found a bloodstained altar of Trog.
  4934 | D:6      | Noticed Menkaure
  4954 | D:6      | Noticed Edmund
  4956 | D:6      | Killed Edmund
  4956 | D:6      | Reached XP level 8. HP: 24/52 MP: 11/11
  5023 | D:6      | Reached skill level 9 in Short Blades
  5204 | D:6      | Reached skill level 10 in Short Blades
  5332 | D:6      | Reached skill level 1 in Fighting
  5395 | D:6      | Killed Menkaure
  5758 | D:7      | Found a sacrificial altar of Ru.
  5805 | D:7      | Found a flagged portal.
  5807 | D:7      | Found Wakhir's Jewellery Boutique.
  5833 | Bailey   | Entered a bailey
  5872 | Bailey   | Noticed an orc knight
  6052 | Bailey   | Reached XP level 9. HP: 64/64 MP: 1/12
  6188 | Bailey   | Reached skill level 5 in Dodging
  6389 | Bailey   | Killed an orc knight
  6679 | D:7      | Found a staircase to the Ecumenical Temple.
  6685 | Temple   | Entered the Ecumenical Temple
  7024 | D:7      | Noticed Pikel
  7031 | D:7      | Killed Pikel
  7031 | D:7      | Reached skill level 5 in Fighting
  8224 | D:8      | Reached XP level 10. HP: 63/76 MP: 1/13
  8678 | D:8      | Noticed Gastronok
  8726 | D:8      | Mangled by Gastronok

Vault maps used:
D:1:      evilmike_arrival_rings
D:2:      due_unseen_surprise
D:3:      led_sif_pool, okawaru_metal_pillars_1_2
D:4:      first_bread
D:5:      portal_sewer_entry_d, basic_altar, trog_eyes_of_draining
D:6:      uniq_edmund, uniq_menkaure
D:7:      nicolae_ru_sacrificial_ziggurat, minmay_temple_entry_hall,
          serial_shops, shop_statue, enter_bailey_1, grunt_ogre_cave, uniq_pikel
D:8:      old_standard_altar, minmay_overflow_temple_star_hex,
          dk_rats_in_the_wall, uniq_gastronok
Temple:   oiseaux_autumnal_temple_12
Bailey:   bailey_axe_4, bailey

Action                   |  1- 3 |  4- 6 |  7- 9 | 10-12 || total
-------------------------+-------+-------+-------+-------++-------
Melee: Dagger            |    65 |   187 |   501 |   167 ||   920
 Cast: Ensorcelled Hiber |     3 |    25 |    83 |    12 ||   123
       Confuse           |       |     3 |     6 |     1 ||    10
 Abil: End Transformatio |       |       |     2 |       ||     2
       Bat Form          |       |       |     2 |       ||     2
Evoke: Wand              |       |       |     1 |     4 ||     5
  Use: Potion            |     2 |     2 |    10 |     4 ||    18
       Scroll            |       |    12 |     3 |     1 ||    16
 Stab: Sleeping          |    16 |    21 |    42 |     6 ||    85
       Confused          |       |     2 |     5 |       ||     7
       Distracted        |       |       |     1 |       ||     1
